AoeStats
← NicoTheGreat999

Black Forest

503532099Analyzed
3v3 RM · 1mo ago on Sep 1, 2026· 55m 18s· 6 players
Game mode
Random Map
Map size
Normal (6 player)
Population
200
Speed
Normal
Resources
Standard
Victory
Conquest
Starting age
Dark Age
Ending age
Imperial Age
RankedLock teamsTeams togetherTeam positionsShared explorationLock speedFull tech treeHidden civsTurbo modeCheats
Victory
Defeat
🇨🇦 Persians · Canada
843
+14
🇺🇸 Wei · United States
819
+15
🇺🇸 Hindustanis · United States
809
+15
🇨🇦 Japanese · Canada
846
-17
🇨🇦 Khmer · Canada
830
-16
🇨🇦 Byzantines · Canada
715
-15
Kwasnica
2:51 Loom
12:39 Feudal Age
15:22 Arson
15:06 Man-at-Arms
18:29 Forging
20:56 Double-Bit Axe
20:54 Horse Collar
22:31 Scale Mail Armor
27:24 Castle Age
25:40 Gold Mining
28:59 Iron Casting
28:40 Chain Mail Armor
28:47 Caravan
28:18 Long Swordsman
29:04 Gambesons
29:20 Squires
30:41 Bow Saw
30:36 Heavy Plow
35:54 Pikeman
38:26 Wheelbarrow
39:33 Stone Mining
40:22 Gold Shaft Mining
40:18 Hand Cart
39:48 Town Watch
41:55 Town Patrol
53:52 Imperial Age
53:24 Treadmill Crane
54:05 Ballistics
53:43 Murder Holes
55:45 Blast Furnace
55:15 Plate Mail Armor
54:13 Halberdier
54:14 Two-Handed Swordsman
NicoTheGreat999
6:43 Loom
9:51 Feudal Age
16:04 Horse Collar
21:04 Castle Age
25:03 Double-Bit Axe
25:36 Caravan
26:57 Bow Saw
29:39 Wheelbarrow
31:30 Hand Cart
34:19 Imperial Age
32:36 Heavy Plow
33:02 Forging
32:59 Scale Barding Armor
32:44 Fletching
32:55 Scale Mail Armor
32:22 Pikeman
33:03 Squires
32:52 Arson
33:23 Fortified Wall
33:33 Ballistics
34:48 Husbandry
35:13 Chain Barding Armor
35:30 Iron Casting
35:57 Stone Mining
35:57 Gold Mining
36:42 Crop Rotation
37:17 Two-Man Saw
38:09 Gold Shaft Mining
38:11 Stone Shaft Mining
37:14 Halberdier
38:10 Heavy Camel Rider
39:46 Plate Barding Armor
39:14 Murder Holes
40:54 Logistica
42:33 Conscription
Vinnyloot
10:30 Feudal Age
14:17 Double-Bit Axe
16:32 Loom
19:31 Castle Age
17:29 Horse Collar
20:02 Bloodlines
23:04 Gold Mining
23:05 Stone Mining
23:19 Heavy Plow
23:34 Bow Saw
24:25 Town Watch
26:01 Wheelbarrow
29:47 Husbandry
30:57 Caravan
31:09 Pikeman
33:17 Crossbowman
35:43 Hand Cart
40:43 Imperial Age
41:11 Fortified Wall
40:57 Murder Holes
41:22 Ballistics
41:14 Masonry
41:21 Halberdier
41:23 Arbalester
43:23 Conscription
54:08 Arbalester
Nick_The_Great16
2:04 Loom
14:43 Feudal Age
15:10 Horse Collar
15:20 Double-Bit Axe
15:30 Gold Mining
15:34 Stone Mining
16:29 Wheelbarrow
17:10 Wheelbarrow
19:36 Man-at-Arms
25:28 Castle Age
26:37 Hand Cart
28:42 Bow Saw
29:32 Heavy Plow
33:19 Imperial Age
31:35 Caravan
32:48 Thumb Ring
32:48 Tuntian
33:00 Long Swordsman
33:28 Arson
33:47 Squires
35:16 Conscription
35:43 Parthian Tactics
35:01 Two-Handed Swordsman
36:22 Forging
36:12 Scale Mail Armor
36:13 Padded Archer Armor
37:26 Scale Barding Armor
37:57 Iron Casting
40:41 Bloodlines
40:32 Husbandry
39:54 Heavy Hei Guang Cavalry
42:14 Heavy Scorpion
50:18 Blast Furnace
49:10 Fletching
50:41 Ming Guang Armor
53:14 Elite Tiger Cavalry
TheMinnesotaMama
0:42 Loom
14:25 Feudal Age
18:01 Wheelbarrow
23:21 Castle Age
21:52 Double-Bit Axe
27:31 Horse Collar
31:07 Stone Mining
31:17 Gold Mining
34:30 Husbandry
34:41 Bloodlines
35:04 Scale Barding Armor
36:12 Heavy Plow
36:26 Bow Saw
39:54 Imperial Age
37:55 Hand Cart
39:03 Chain Barding Armor
38:54 Forging
39:38 Grand Trunk Road
39:55 Heavy Camel Rider
41:42 Imperial Camel Rider
42:40 Thumb Ring
43:49 Chemistry
45:31 Shatagni
47:53 Ballistics
55:06 Plate Barding Armor
55:07 Iron Casting
54:34 Scale Mail Armor
55:10 Iron Casting
55:11 Plate Barding Armor
ToothFairyGhost
0:38 Loom
13:55 Feudal Age
14:25 Double-Bit Axe
14:23 Horse Collar
23:37 Gold Mining
27:33 Castle Age
25:58 Fletching
26:49 Stone Mining
27:54 Forging
27:50 Scale Barding Armor
28:50 Bow Saw
28:04 Crossbowman
30:59 Bodkin Arrow
32:20 Kamandaran
33:34 Bloodlines
33:25 Husbandry
38:37 Thumb Ring
44:08 Imperial Age
45:41 Wheelbarrow
47:35 Gold Shaft Mining
47:26 Conscription
47:59 Hoardings
50:48 Hand Cart
51:00 Elite War Elephant
52:23 Heavy Plow
53:52 Iron Casting
53:40 Chain Barding Armor
54:43 Iron Casting
56:20 Two-Man Saw
55:17 Town Watch
Connection lost

Rejoining the realm…

Still unreachable

The connection could not be restored.

Session expired

The server has moved on; the page needs a fresh start.